 Dungeon Crawl Stone Soup version 0.25-a0-482-g9b3b753f3f (webtiles) character file.

Game seed: 6491057600587450975, levelgen mode: deterministic

543 BeastOfSaturn the Stinger (level 7, -7/48 HPs)
             Began as a Demonspawn Venom Mage on Feb 10, 2020.
             Was a Follower of Dithmenos.
             Shot with an arrow by a centaur (14 damage)
             ... on level 5 of the Dungeon.
             The game lasted 00:28:49 (5594 turns).

BeastOfSaturn the Stinger (Demonspawn Venom Mage)   Turns: 5594, Time: 00:28:49

Health: -7/48      AC:  6    Str: 15    XL:     7   Next: 6%
Magic:  5/12       EV: 13    Int: 16    God:    Dithmenos [*.....]
Gold:   576        SH:  0    Dex: 14    Spells: 3/13 levels left

rFire    . . .     SeeInvis .   E - +3 short sword (protect)
rCold    . . .     Gourm    .   (no shield)
rNeg     . . .     Faith    .   a - +0 robe
rPois    .         Spirit   .   (no helmet)
rElec    .         Reflect  .   (no cloak)
rCorr    .         Harm     .   (no gloves)
MR       .....                  (no boots)
Stlth    ++........             (no amulet)
HPRegen  0.16/turn              q - +2 ring of protection
MPRegen  0.13/turn              u - +5 ring of strength

@: very slightly contaminated, wreathed by umbra
A: hooves 1, icy blue scales 1, rot immunity
a: Renounce Religion


You were on level 5 of the Dungeon.
You worshipped Dithmenos.
Dithmenos was aware of your devotion.
You were not hungry.

You visited 2 branches of the dungeon, and saw 6 of its levels.

You collected 576 gold pieces.

Inventory:

Hand Weapons
 i - a +0 mace
 r - a +0 whip
 E - a +3 short sword of protection (weapon)
Missiles
 m - 27 poisoned darts
 o - 5 atropa-tipped darts (quivered)
Armour
 a - a +0 robe (worn)
Jewellery
 d - an uncursed amulet of guardian spirit
 q - a +2 ring of protection (left hand)
 u - a +5 ring of strength (right hand)
 w - an uncursed ring of positive energy {unknown}
 x - an uncursed amulet of harm
Wands
 k - a wand of flame (19)
Scrolls
 g - a scroll of amnesia
 h - 3 scrolls of fog {unknown}
 j - a scroll of teleportation {unknown}
 l - 2 scrolls of random uselessness {unknown}
 n - a scroll of enchant armour {unknown}
 y - 2 scrolls of fear {unknown}
 B - a scroll of identify
 C - 2 scrolls of enchant weapon {unknown}
 F - a scroll of noise {unknown}
Potions
 b - a potion of ambrosia {unknown}
 e - a potion of invisibility {unknown}
 f - 2 potions of agility
 p - a potion of curing {unknown}
 s - a potion of magic {unknown}
 t - 2 potions of haste {unknown}
 v - a potion of might {unknown}
 z - a potion of mutation {unknown}
 A - a potion of lignification {unknown}
Comestibles
 c - 7 rations


   Skills:
 + Level 1.1 Fighting
 * Level 1.1 Short Blades
 - Level 2.4 Maces & Flails
 - Level 0.6 Throwing
 * Level 2.7 Armour
 + Level 2.7 Dodging
 - Level 1.7 Stealth
 + Level 3.6 Spellcasting
 - Level 1.0 Transmutations
 + Level 4.4 Poison Magic


You had 3 spell levels left.
You knew the following spells:

 Your Spells              Type           Power        Failure   Level  Hunger
a - Sting                 Tmut/Pois      ##..         6%          1    None
b - Poisonous Vapours     Pois/Air       ##....       11%         2    ##.....
c - Mephitic Cloud        Conj/Pois/Air  #.......     28%         3    ###....
d - Olgreb's Toxic Radia  Pois           ###.....     28%         4    ####...

Your spell library contained the following spells:

 Spells                   Type           Power        Failure   Level  Hunger
 Ignite Poison            Fire/Tmut/Pois #.......     26%         3    ###....


Dungeon Overview and Level Annotations

Branches:
Dungeon (5/15)             Temple (1/1) D:4

Altars:
Ashenzari
Cheibriados
Dithmenos
Elyvilon
Fedhas
Gozag
Hepliaklqana
Nemelex Xobeh
Okawaru
Qazlal
Ru
Sif Muna
Trog
Vehumet
Wu Jian
Xom
Yredelemnul
Zin
The Shining One

Shops:
D:4 %


Innate Abilities, Weirdness & Mutations

You have large cloven feet.
You are partially covered in icy blue scales. (AC +2)
You are immune to rotting.


Message History

Casting: Poisonous Vapours (safe; 11% risk of failure)
Confirm with . or Enter, or press ? or * to list all spells.
Okay, then.
Casting: Poisonous Vapours (safe; 11% risk of failure)
Confirm with . or Enter, or press ? or * to list all spells.
You miscast Olgreb's Toxic Radiance.
You are very lightly contaminated with residual magic.
You feel odd.
The centaur shouts!
The centaur wields a +1 vorpal shortbow.
The centaur shoots an arrow.
The arrow hits you!
The centaur shoots an arrow.
The arrow hits you!
The centaur shoots an arrow.
The arrow hits you.
You see here an arrow.
The centaur shoots an arrow.
The arrow hits you!
* * * LOW HITPOINT WARNING * * *
You see here an arrow.
The centaur shoots an arrow.
The arrow closely misses you.
The centaur shoots an arrow.
The arrow hits you!
You die...

...##########
...........>#####
..####.####....# #.#
#..##.# ..# ###
#.###..##.#
..###.##...##....<(.#.###
.... .......(((.@.......#
..# .....##c##..##.#.#.#
..# ... #c..##.#..#.#.#
..##.... #.##.c#.#.##.#.#
......>.... ......
..#.##### .........#
#.#..# ###.....#
......... ##.## #####.#
####.... ..# ### #.# ..
#.######.##


You could see a centaur.

Vanquished Creatures
  Sigmund (D:2)
  A bullfrog (D:4)
  A scorpion (D:4)
  A centaur zombie (D:4)
  3 hounds (D:4)
  6 adders
  5 worms
  2 dart slugs (D:4)
  2 leopard geckos
  5 orcs (D:4)
  4 giant cockroaches
  8 goblins
  4 hobgoblins
  5 jackals (D:2)
  5 kobolds
  A quokka (D:4)
  A ball python (D:4)
  6 bats
  4 frilled lizards
  A leopard gecko skeleton (D:4)
  A quokka skeleton (D:4)
  11 rats
78 creatures vanquished.

Notes
Turn   | Place    | Note
-------+----------+-------------------------------------------
     0 | D:1      | BeastOfSaturn the Demonspawn Venom Mage began the quest for
                  | the Orb.
     0 | D:1      | Reached XP level 1. HP: 13/13 MP: 3/3
   271 | D:1      | Reached skill level 1 in Transmutations
   301 | D:1      | Gained mutation: You are partially covered in icy blue
                  | scales. (AC +2) [demonic ancestry]
   301 | D:1      | Reached XP level 2. HP: 7/19 MP: 0/5
   528 | D:1      | Learned a level 2 spell: Poisonous Vapours
   818 | D:2      | Noticed Sigmund
   818 | D:2      | You fall into a shaft and drop 1 floor!
   905 | D:2      | Found a blossoming altar of Fedhas.
  1069 | D:2      | Reached XP level 3. HP: 20/24 MP: 1/6
  1072 | D:2      | Reached skill level 1 in Armour
  1423 | D:2      | Learned a level 3 spell: Mephitic Cloud
  1647 | D:2      | Gained mutation: You are immune to rotting. [demonic
                  | ancestry]
  1647 | D:2      | Reached XP level 4. HP: 23/30 MP: 2/7
  2668 | D:3      | Found a sacrificial altar of Ru.
  3148 | D:4      | Found a staircase to the Ecumenical Temple.
  3156 | Temple   | Entered the Ecumenical Temple
  3196 | Temple   | Became a worshipper of Dithmenos the Shadowed
  3655 | D:4      | Reached skill level 1 in Maces & Flails
  3664 | D:4      | Reached skill level 4 in Poison Magic
  3664 | D:4      | Gained mutation: You have large cloven feet. [demonic
                  | ancestry]
  3664 | D:4      | Reached XP level 5. HP: 28/36 MP: 1/9
  3892 | D:4      | Reached XP level 6. HP: 29/42 MP: 3/10
  4128 | D:4      | Learned a level 4 spell: Olgreb's Toxic Radiance
  4369 | D:4      | Found Miunn's Food Shop.
  4865 | D:5      | Entered Level 5 of the Dungeon
  4944 | D:2      | Reached * piety under Dithmenos
  5253 | D:2      | Killed Sigmund
  5253 | D:2      | Reached skill level 1 in Fighting
  5253 | D:2      | Reached skill level 1 in Short Blades
  5253 | D:2      | Reached XP level 7. HP: 43/48 MP: 6/12
  5419 | D:5      | Found an ornate altar of the Wu Jian Council.
  5419 | D:5      | Found a sparkling altar of Nemelex Xobeh.
  5419 | D:5      | Found a sacrificial altar of Ru.
  5594 | D:5      | Shot with an arrow by a centaur

Levels and vault maps discovered:
D:1:      dpeg_arrival_arbitrary_b, layout_basic
D:2:      layout_basic, fedhas_ov_isle_minmay, uniq_sigmund
D:3:      layout_basic, chequers_serial_rivers_room_a, nicolae_ru_path_of_blood
D:4:      minmay_polygon_palace, layout_basic, minmay_temple_entry_mist,
          serial_shops, kennysheep_mini, first_ration
D:5:      layout_basic, lemuel_round_altar, gammafunk_temple_overflow_claw,
          minmay_manual_mares
Temple:   lightli_temple_of_artemis

Skill      XL: |  1  2  3  4  5  6 |
---------------+-------------------+-----
Transmutations | 1 |  1.0
Armour         | 1 2 |  2.7
Dodging        | 2 |  2.7
Maces & Flails | 1 2 |  2.4
Poison Magic   | 4 |  4.4
Spellcasting   | 3 |  3.6
Fighting       | 1 |  1.1
Short Blades   | 1 |  1.1
Throwing       | |  0.6
Stealth        | |  1.7

Action                   |  1- 3 |  4- 6 |  7- 9 || total
-------------------------+-------+-------+-------++-------
Melee: Mace              |    42 |       |       ||    42
       Unarmed           |     2 |       |       ||     2
       Whip              |    16 |   112 |       ||   128
       Kick              |       |    23 |     1 ||    24
       Short sword       |       |    21 |     2 ||    23
Throw: Dart              |       |    11 |       ||    11
 Cast: Sting             |    21 |    10 |     2 ||    33
       Poisonous Vapours |    20 |    31 |     2 ||    53
       Mephitic Cloud    |     1 |     2 |       ||     3
       Olgreb's Toxic Ra |       |     4 |       ||     4
  Use: Scroll            |     3 |     1 |       ||     4
 Stab: Sleeping          |     1 |     1 |       ||     2
  Eat: Ration            |     1 |     4 |       ||     5
       Chunk             |     1 |     2 |       ||     3
Armor: Robe              |    29 |    47 |       ||    76
Dodge: Dodged            |    68 |    95 |     4 ||   167

Table legend:
 A = Non-vault XP
 B = Vault XP
 C = Vault XP percentage of total XP
 D = Non-vault monster count
 E = Vault monster count
 F = Vault count percentage of total count
                 A         B        C        D         E       F
            +---------+---------+-------+---------+---------+-------
      Total |     414 |     362 |  46.6 |      66 |      12 |  15.4
            +---------+---------+-------+---------+---------+-------
        D:1 |      23 |       0 |   0.0 |      16 |       0 |   0.0
        D:2 |      89 |     242 |  73.1 |      28 |       1 |   3.4
        D:3 |      39 |       0 |   0.0 |      10 |       0 |   0.0
        D:4 |     263 |     120 |  31.3 |      12 |      11 |  47.8
            +---------+---------+-------+---------+---------+-------
